Map: Efflorescence LE

Players

ReQuIeMpAsTs

  • Race: Terran Terran
  • League: Gold
  • Spawn Location: 6:00

Croakie

  • Race: Zerg Zerg
  • Spawn Location: 9:00

Throwfordays - Winner!

  • Race: Protoss Protoss
  • League: Silver
  • Spawn Location: 3:00

Cthulhu - Winner!

  • Race: Terran Terran
  • Spawn Location: 12:00

VOD

Have the link to the VOD?

Description

Time

  • Played on: April 4, 2019, 10:54 p.m.
  • Length: 22:14
Show
View Real Time Build Order
Export as new Build Order

ReQuIeMpAsTs Terran 

Build Orders:  

Get SALT Encoding   

  12  0:02  SCV  
  13  0:14  SCV  
  14  0:26  Supply Depot  
  14  0:29  SCV  
  15  0:46  Supply Depot  
  15  0:47  SCV  
  15  0:49  Barracks  
  16  0:59  SCV  
  17  1:11  Barracks  
  17  1:15  SCV  
  18  1:22  Refinery  
  18  1:29  SCV  
  19  1:40  Marine  
  19  1:41  SCV  
  21  1:53  SCV  
  22  1:59  Marine x2  
  24  2:04  Refinery  
  24  2:05  SCV  
  25  2:16  Engineering Bay  
  25  2:17  SCV  
  25  2:19  Marine x2  
  28  2:29  SCV  
  29  2:35  Factory  
  29  2:40  Barracks Tech Lab  
  29  2:42  Barracks Reactor  
  29  2:47  Orbital Command  
  29  3:08  Command Center  
  29  3:14  Missile Turret  
  29  3:17  Marine  
  29  3:19  Combat Shield  
  30  3:28  Factory Tech Lab  
  30  3:32  Marine  
  31  3:40  Supply Depot  
  31  3:44  Supply Depot  
  31  3:49  Supply Depot  
  31  4:01  SCV  
  32  4:04  Missile Turret  
  32  4:14  Siege Tank  
  35  4:25  Planetary Fortress  
  35  4:29  SCV  
  36  4:42  Marine x2, Marauder  
  40  4:48  Hi-Sec Auto Tracking  
  40  4:49  SCV  
  41  5:04  Missile Turret  
  41  5:09  SCV  
  41  5:10  SCV  
  43  5:21  Missile Turret  
  43  5:25  Missile Turret  
  43  5:27  Marine x3  
  46  5:40  Sensor Tower  
  46  5:45  Marine x3  
  46  5:47  Siege Tank  
  52  5:52  SCV x2  
  54  6:05  Starport  
  54  6:11  Barracks  
  54  6:17  Factory  
  54  6:32  Siege Tank  
  57  6:33  Marine x2  
  57  6:34  Marine  
  57  6:39  Neosteel Armor  
  60  6:43  SCV x2  
  62  6:59  Starport Reactor  
  62  7:07  Factory Tech Lab  
  62  7:08  Siege Tank  
  62  7:11  Barracks Tech Lab  
  62  7:12  Marine  
  62  7:13  Marine  
  62  7:15  Marauder  
  69  7:16  SCV  
  69  7:22  Supply Depot  
  70  7:23  Supply Depot  
  70  7:43  SCV x2, Medivac  
  74  7:46  Refinery  
  74  7:49  Refinery  
  74  7:52  Medivac  
  74  7:55  SCV x2  
  78  8:13  SCV x2  
  80  8:25  Siege Tank  
  80  8:26  Marine x3  
  86  8:36  Supply Depot  
  86  8:37  Supply Depot  
  86  8:57  Marine  
  86  8:58  Siege Tank, Marauder  
  86  9:01  Supply Depot x2  
  86  9:02  Supply Depot  
  92  9:03  Supply Depot  
  92  9:10  SCV x2  
  94  9:22  SCV x2  
  94  9:23  Siege Tank  
  99  9:25  Marauder, Missile Turret  
  99  9:26  Marine  
  99  9:27  Missile Turret  
  99  9:28  Marine, Marauder  
  105  9:40  Concussive Shells  
  105  9:59  Stimpack  
  83  10:35  Siege Tank x2  
  86  10:36  Marauder  
  86  10:37  Marauder  
  86  10:38  Marine x2  
  78  11:09  SCV x2  
  80  11:22  Command Center  
  80  11:28  SCV x2  
  82  11:33  Siege Tank x2, Factory x2  
  82  11:36  Marine x2, Marauder x2  
  94  11:50  Medivac x2  
  98  11:57  Marine x2  
  100  12:02  Marauder x2  
  100  12:05  Siege Tank x2  
  110  12:15  Marine x2  
  99  12:20  Command Center  
  101  12:26  Factory Tech Lab x2  
  101  12:28  Marauder  
  101  12:29  Marauder  
  105  12:31  Medivac x2  
  105  12:33  Marine x2  
  111  12:50  Orbital Command, Marauder x2  
  111  12:51  Marine x2  
  116  12:54  Siege Tank x2  
  116  12:55  Siege Tank x2  
  129  13:09  Marine x2  
  129  13:11  Marauder x2  
  135  13:20  Armory  
  135  13:23  Armory  
  135  13:30  SCV x2  
  135  13:31  SCV  
  135  13:33  Marauder x2  
  135  13:34  Marine x2  
  141  13:42  SCV  
  131  14:09  Armory  
  119  14:10  Engineering Bay  
  109  14:21  Thor x2  
  109  14:22  Thor x2  
  133  14:26  SCV x3  
  136  14:31  Planetary Fortress  
  136  14:35  Missile Turret  
  136  14:38  SCV x2, Missile Turret  
  137  14:39  SCV  
  139  14:50  SCV x2  
  139  14:51  SCV  
  142  15:00  Missile Turret  
  142  15:01  Refinery  
  142  15:08  Terran Infantry Weapons Level 1  
  142  15:09  Terran Infantry Armor Level 1  
  142  15:11  Terran Vehicle Weapons Level 1  
  142  15:13  Terran Vehicle And Ship Armor Level 1  
  142  15:24  Refinery, Terran Ship Weapons Level 1  
  142  15:56  Thor  
  93  16:58  Siege Tank  
  93  16:59  Siege Tank x3  
  105  17:01  Marauder x2  
  105  17:02  Marine x2  
  105  17:04  Medivac  
  107  17:19  Marine x2  
  107  17:22  Marine x2  
  108  17:35  Viking x2  
  112  17:37  Marine x2  
  112  17:40  Marine x2  
  114  17:55  Marine x2  
  114  17:58  Marine x2  
  115  18:04  Thor  
  122  18:05  Viking x2  
  126  18:13  Marine x2  
  126  18:15  Terran Infantry Weapons Level 2  
  126  18:16  Marine x2  
  130  18:22  Terran Infantry Armor Level 2  
  130  18:31  Marine x2  
  130  18:33  Marine  
  130  18:34  Marine  
  134  18:45  Command Center  
  134  18:48  Marine  
  134  18:49  Marine, Refinery  
  134  18:51  Marine x2, Refinery  
  138  19:09  Marine x2  
  140  19:22  Thor x2  
  140  19:23  Thor  
  158  19:25  Marine x2  
  158  19:27  Marine x2  
  162  19:37  Missile Turret  
  162  19:43  Marine x2  
  164  19:54  Marine  
  164  19:55  Missile Turret  
  129  20:20  Viking x2  
  106  20:47  Thor  
  106  20:49  Marine  
  112  20:50  Marine x3, Viking x2  
  84  21:07  Marine  
  84  21:08  Marine x3  
  81  21:25  Marine  
  72  21:26  Marine x3  
  55  21:43  Marine x2  
  55  21:44  Marine x2  
Show
View Real Time Build Order
Export as new Build Order

Croakie Zerg 

Build Orders: Pool First, Lurkers 

Get SALT Encoding   

  12  0:01  Drone  
  13  0:18  Overlord  
  13  0:19  Drone  
  14  0:37  Spawning Pool  
  14  0:38  Drone  
  14  0:42  Drone  
  15  0:46  Drone  
  16  0:54  Drone  
  17  1:03  Drone  
  18  1:21  Drone  
  18  1:22  Hatchery  
  18  1:26  Drone  
  19  1:37  Zergling x2  
  20  1:46  Zergling x2  
  21  2:09  Zergling x2  
  21  2:10  Extractor, Drone  
  22  2:15  Extractor  
  22  2:17  Drone  
  22  2:31  Extractor  
  22  2:36  Drone x2  
  24  2:38  Drone  
  25  2:46  Drone  
  25  2:48  Queen  
  28  2:58  Overlord  
  29  3:14  Overlord  
  29  3:16  Queen  
  29  3:17  Extractor, Drone  
  30  3:28  Roach Warren  
  29  3:36  Drone x5  
  29  3:37  Drone  
  35  3:47  Drone  
  36  3:48  Drone  
  34  4:12  Drone x2  
  34  4:13  Drone x2  
  38  4:17  Roach Warren  
  38  4:20  Drone x2  
  38  4:22  Queen x2  
  43  4:26  Evolution Chamber  
  43  4:32  Evolution Chamber  
  43  4:36  Drone x2  
  44  4:39  Extractor  
  44  4:40  Zergling x2  
  44  4:42  Metabolic Boost  
  44  4:56  Zerg Ground Armor Level 1  
  44  4:59  Overlord x2  
  44  5:11  Zerg Missile Weapons Level 1  
  44  5:14  Lair  
  44  5:17  Queen  
  48  5:21  Roach x3  
  48  5:22  Spine Crawler, Roach x2  
  55  5:39  Roach x2  
  55  5:40  Overlord x2  
  59  6:00  Hatchery  
  59  6:01  Drone x5  
  59  6:02  Drone x3  
  66  6:04  Extractor  
  66  6:07  Roach x2  
  66  6:09  Roach  
  71  6:23  Zergling x2  
  71  6:24  Zergling x8  
  76  6:25  Overlord x2  
  75  6:42  Hydralisk Den  
  75  6:44  Roach x6  
  86  6:50  Zerg Melee Weapons Level 1  
  86  7:04  Spore Crawler x2, Drone x4  
  88  7:19  Hydralisk x2  
  88  7:20  Lurker Den, Hydralisk x3  
  97  7:23  Zerg Missile Weapons Level 2  
  97  7:27  Glial Reconstitution  
  97  7:45  Drone  
  97  7:46  Overlord x2  
  97  7:47  Overlord  
  98  7:56  Pneumatized Carapace  
  93  8:23  Spine Crawler  
  92  8:29  Spine Crawler, Grooved Spines, Hydralisk  
  92  8:30  Hydralisk x6  
  105  8:44  Hydralisk  
  105  8:46  Overlord x2  
  107  9:00  Zergling x14  
  114  9:04  Drone  
  114  9:05  Drone x2  
  117  9:17  Spine Crawler  
  116  9:25  Ravager x3  
  116  9:26  Ravager x3  
  116  9:30  Overlord x3  
  122  9:38  Zerg Ground Armor Level 2  
  122  9:39  Overlord  
  115  10:08  Zergling x4  
  115  10:09  Zergling x6  
  120  10:15  Drone x2  
  120  10:16  Drone  
  120  10:17  Drone x3  
  120  10:18  Spine Crawler  
  107  11:03  Drone x9  
  115  11:06  Spine Crawler  
  115  11:10  Overseer  
  114  11:19  Lurker x2  
  114  11:20  Lurker x2  
  106  11:45  Hydralisk x3  
  106  11:46  Hydralisk x6  
  117  11:58  Zergling x6  
  104  12:19  Hydralisk  
  104  12:20  Hydralisk x2  
  98  12:31  Hydralisk x2  
  86  12:37  Zergling x8  
  86  12:40  Hydralisk x2  
  86  12:43  Extractor  
  93  12:44  Extractor  
  92  12:52  Hydralisk x4  
  92  12:54  Hatchery  
  99  13:01  Drone  
  100  13:06  Drone x2  
  102  13:18  Lurker  
  102  13:19  Lurker x6  
  109  13:21  Roach  
  109  13:22  Roach x2  
  109  13:25  Roach x3  
  118  13:37  Hydralisk x3  
  118  13:38  Hydralisk  
  120  14:04  Overseer x2  
  87  14:34  Hydralisk x5  
  87  14:35  Hydralisk x4  
  93  14:38  Zerg Melee Weapons Level 2  
  93  15:07  Hydralisk x5  
  93  15:08  Hydralisk x4  
  111  15:25  Zergling x2  
  112  15:29  Overlord  
  112  15:48  Zergling x12  
  112  15:49  Zergling x2  
  119  16:01  Muscular Augments  
  113  16:04  Nydus Network  
  109  16:31  Hydralisk x5  
  118  16:49  Lurker  
  118  16:50  Lurker  
  116  17:02  Overlord x3, Roach x2  
  114  17:24  Spire  
  114  17:27  Spire  
  112  17:49  Nydus Canal  
  95  18:44  Corruptor  
  95  18:45  Corruptor x7  
  95  18:46  Corruptor x6  
  95  18:47  Corruptor x2  
  127  19:04  Drone  
  127  19:07  Zerg Flyer Weapons Level 1  
  127  19:08  Zerg Flyer Armor Level 1  
  128  19:17  Extractor  
  128  19:19  Spore Crawler  
  128  19:20  Extractor  
  128  19:21  Spore Crawler, Spine Crawler  
  123  19:49  Nydus Canal  
  109  20:33  Spore Crawler, Drone x12  
  94  21:13  Corruptor x4  
  94  21:14  Corruptor x2  
  78  21:25  Zergling x2  
  78  21:26  Zergling x30  
  91  21:32  Hatchery  
  83  21:41  Zergling x4  
Show
View Real Time Build Order
Export as new Build Order

Throwfordays Protoss - Winner!

Build Orders: Double Forge 

Get SALT Encoding   

  12  0:03  Probe  
  13  0:16  Pylon  
  13  0:18  Probe  
  14  0:30  Probe  
  15  0:36  Gateway  
  15  0:42  Probe  
  16  0:54  Probe  
  17  0:59  Assimilator  
  17  1:07  Probe  
  18  1:26  Cybernetics Core  
  18  1:27  Probe  
  19  1:39  Probe  
  20  1:46  Warp Gate  
  20  1:51  Probe  
  21  1:55  Assimilator  
  21  2:07  Probe  
  22  2:19  Probe  
  22  2:22  Nexus  
  23  2:24  Pylon  
  23  2:33  Pylon  
  23  2:42  Robotics Facility, Probe  
  24  2:52  Twilight Council  
  24  2:53  Forge  
  24  3:00  Probe  
  25  3:08  Adept  
  25  3:12  Protoss Ground Weapons Level 1  
  27  3:14  Probe  
  28  3:30  Immortal  
  32  3:38  Probe x2  
  33  3:47  Stalker  
  36  3:55  Pylon  
  36  4:01  Probe  
  36  4:02  Probe  
  38  4:13  Probe  
  38  4:14  Probe  
  40  4:18  Robotics Bay  
  40  4:26  Probe  
  40  4:27  Robotics Facility  
  40  4:30  Probe  
  43  4:38  Probe  
  43  4:40  Stalker  
  43  4:42  Probe  
  46  4:49  Forge  
  46  4:54  Probe  
  46  4:56  Pylon  
  47  5:03  Blink  
  47  5:06  Probe  
  48  5:11  Assimilator  
  48  5:13  Assimilator  
  48  5:17  Probe  
  48  5:18  Probe  
  50  5:28  Pylon  
  50  5:29  Probe  
  50  5:32  Extended Thermal Lance  
  51  5:41  Probe  
  52  5:47  Immortal  
  56  5:56  Pylon  
  56  6:02  Immortal  
  60  6:07  Pylon  
  60  6:10  Pylon  
  60  6:17  Pylon  
  60  6:21  Protoss Ground Weapons Level 2  
  60  6:24  Pylon  
  60  6:27  Pylon  
  60  6:29  Probe  
  61  6:34  Colossus  
  61  6:41  Probe  
  68  6:53  Probe  
  68  7:09  Protoss Ground Armor Level 1  
  68  7:10  Colossus  
  74  7:42  Colossus  
  74  7:50  Nexus  
  74  7:51  Charge  
  74  7:57  Colossus  
  80  8:00  Nexus  
  86  8:14  Stalker  
  88  8:31  Assimilator  
  88  8:35  Assimilator  
  88  8:37  Immortal  
  92  8:42  Assimilator  
  92  8:48  Assimilator  
  92  8:49  Protoss Ground Weapons Level 3  
  92  8:51  Pylon, Immortal  
  92  8:54  Pylon  
  96  9:06  Probe  
  97  9:16  Probe  
  98  9:17  Probe  
  98  9:18  Probe  
  98  9:21  Probe  
  101  9:28  Probe  
  101  9:30  Probe x2  
  104  9:33  Probe  
  104  9:36  Stalker  
  107  9:40  Probe  
  107  9:42  Probe x2  
  110  9:45  Probe  
  110  9:47  Pylon  
  111  9:54  Probe  
  111  9:57  Probe  
  113  10:05  Probe  
  113  10:06  Probe  
  115  10:10  Probe  
  116  10:17  Probe  
  116  10:18  Probe  
  109  10:29  Probe  
  109  10:30  Probe  
  109  10:32  Immortal x2  
  109  10:34  Stalker  
  119  10:43  Probe  
  116  10:55  Probe  
  117  11:00  Stalker  
  119  11:05  Nexus  
  119  11:07  Pylon  
  119  11:10  Gateway  
  119  11:11  Pylon, Gateway  
  119  11:14  Gateway  
  119  11:16  Gateway, Immortal  
  119  11:17  Immortal  
  127  11:18  Gateway  
  127  11:19  Gateway  
  127  11:32  Photon Cannon  
  127  11:35  Photon Cannon  
  127  11:36  Probe  
  127  11:37  Photon Cannon  
  128  11:40  Photon Cannon  
  128  11:44  Photon Cannon  
  128  11:48  Probe  
  129  12:00  Probe  
  108  12:26  Probe  
  108  12:28  Probe  
  110  12:39  Probe  
  110  12:40  Probe  
  110  12:42  Sentry x3  
  110  12:43  Stalker x4  
  126  12:51  Probe  
  127  12:52  Probe  
  127  12:55  Colossus x2  
  140  13:04  Probe  
  141  13:06  Robotics Facility  
  141  13:07  Robotics Facility  
  141  13:09  Robotics Facility  
  141  13:10  Protoss Ground Armor Level 2, Protoss Shields Level 1  
  141  13:12  Robotics Facility  
  141  13:13  Robotics Facility  
  141  13:16  Probe  
  142  13:28  Probe  
  143  13:39  Stargate  
  143  13:40  Stargate, Probe  
  144  13:43  Stargate  
  144  13:46  Protoss Air Weapons Level 1  
  144  13:47  Stargate  
  144  13:49  Immortal x2  
  144  13:50  Cybernetics Core  
  144  13:52  Probe  
  153  13:59  Observer x2  
  153  14:02  Immortal x2  
  163  14:04  Probe  
  162  14:41  Gravitic Boosters  
  162  14:43  Warp Prism x2  
  166  14:48  Phoenix x3  
  166  14:51  Fleet Beacon  
  172  15:05  Stargate  
  172  15:07  Protoss Air Armor Level 1  
  172  15:35  Tempest x4  
  177  15:38  Gravitic Drive  
  177  15:41  Dark Shrine  
  192  15:45  Pylon  
  190  16:07  Stalker  
  190  16:08  Stalker x4  
  194  16:18  Protoss Ground Armor Level 3  
  194  16:20  Protoss Shields Level 2  
  179  16:39  Protoss Air Weapons Level 2, Probe  
  172  16:51  Probe  
  173  17:03  Probe  
  162  17:15  Probe  
  161  17:28  Probe  
  162  17:54  Carrier x4  
  162  17:55  Carrier  
  192  18:12  Probe  
  192  18:19  Probe  
  194  18:20  Probe  
  195  18:30  Probe  
  195  18:31  Probe  
  197  18:42  Probe  
  197  18:43  Probe  
  199  18:54  Probe  
  200  19:12  Protoss Air Armor Level 2  
  200  19:30  Anion Pulse-Crystals  
  183  20:32  Pylon  
  183  20:33  Pylon  
  183  20:35  Pylon  
  183  20:36  Pylon  
  183  20:38  Nexus, Pylon  
Show
View Real Time Build Order
Export as new Build Order

Cthulhu Terran - Winner!

Build Orders: 2 Factory, Mech 

Get SALT Encoding   

  12  0:01  SCV  
  13  0:13  SCV  
  14  0:25  SCV  
  14  0:27  Supply Depot  
  15  0:49  SCV  
  16  0:50  Barracks  
  16  0:56  Refinery  
  16  1:01  SCV  
  17  1:22  SCV  
  18  1:28  Command Center  
  18  1:35  SCV  
  18  1:38  Supply Depot  
  19  1:47  Marine  
  19  1:52  Orbital Command  
  20  2:16  Marine  
  21  2:28  SCV  
  22  2:30  Refinery  
  22  2:33  Factory  
  22  2:41  Orbital Command  
  22  2:44  SCV  
  22  2:45  Marine  
  24  2:53  Refinery  
  24  3:19  Hellion  
  26  3:21  Factory  
  26  3:28  Marine, SCV x2  
  29  3:34  Armory  
  29  3:36  Engineering Bay  
  29  3:40  SCV  
  29  3:41  SCV  
  31  3:42  Hellion  
  31  3:46  Marine  
  31  3:48  Refinery  
  34  3:53  SCV  
  35  4:09  SCV  
  37  4:10  SCV, Hellion  
  37  4:11  Hellion  
  41  4:21  SCV  
  41  4:22  Factory  
  42  4:31  Terran Vehicle Weapons Level 1  
  42  4:35  Armory  
  42  4:39  SCV  
  42  4:40  Marine, SCV  
  45  4:51  Supply Depot  
  45  4:53  Factory Tech Lab  
  45  4:54  Factory Reactor  
  45  4:57  SCV  
  46  5:13  SCV  
  47  5:15  Factory Tech Lab  
  47  5:19  Infernal Pre-Igniter  
  47  5:25  Sensor Tower  
  47  5:27  Supply Depot  
  47  5:28  Terran Vehicle And Ship Armor Level 1  
  47  5:36  Hellion x2  
  47  5:37  Hellion  
  47  5:40  SCV x2  
  55  5:54  Missile Turret  
  55  5:56  Siege Tank  
  58  5:58  Siege Tank  
  61  6:17  SCV x2  
  65  6:18  Hellion  
  65  6:19  Hellion  
  65  6:23  Supply Depot  
  67  6:29  Hellion  
  69  6:35  SCV  
  70  6:44  Marine, SCV  
  70  6:46  Terran Vehicle Weapons Level 2  
  72  6:48  Supply Depot  
  72  6:51  Siege Tank  
  75  7:04  Marine  
  76  7:26  SCV  
  76  7:27  Marine, SCV  
  76  7:28  Hellion  
  76  7:29  Thor, Siege Tank, Hellion  
  92  7:45  Terran Infantry Armor Level 1  
  92  7:47  Terran Vehicle And Ship Armor Level 2  
  92  7:54  SCV  
  92  7:55  SCV  
  92  7:58  Supply Depot  
  94  8:00  Supply Depot  
  94  8:05  Hellion x10  
  86  8:19  Command Center  
  86  8:28  Hellion x2  
  86  8:29  Widow Mine  
  86  8:30  Widow Mine  
  94  8:44  Missile Turret  
  94  8:46  Missile Turret  
  94  8:55  Widow Mine x4  
  102  9:20  Siege Tank x2  
  102  9:21  Widow Mine x2  
  102  9:23  SCV x2  
  102  9:24  Marine  
  115  9:25  Terran Vehicle Weapons Level 3  
  115  9:41  Marine  
  115  9:42  Widow Mine  
  116  9:52  SCV x2  
  116  9:53  Widow Mine  
  116  9:54  Widow Mine, Siege Tank  
  123  10:14  Thor  
  123  10:36  SCV x2  
  123  10:37  Siege Tank  
  124  10:48  SCV  
  117  10:57  Thor  
  117  11:04  SCV x2, Orbital Command  
  123  11:07  Refinery  
  123  11:09  Siege Tank  
  126  11:25  Refinery, Drilling Claws  
  126  11:26  Smart Servos  
  116  11:40  Thor  
  115  12:54  SCV  
  116  12:58  SCV  
  117  13:06  Command Center  
  109  13:51  Thor, Siege Tank  
  118  14:07  Sensor Tower  
  118  14:08  Widow Mine  
  116  14:10  Widow Mine  
  115  14:23  Siege Tank  
  114  14:34  Thor  
  114  14:35  Hellion x2  
  119  15:16  Command Center  
  119  15:53  Command Center  
  117  16:25  Hellion  
  117  16:42  Hellion  
  116  17:04  Thor, Siege Tank  
  116  17:06  Orbital Command  
  125  17:11  Refinery  
  125  17:21  Hellion x2  
  129  17:34  Marine  
  129  17:36  Siege Tank  
  133  17:47  Command Center  
  133  17:53  Command Center  
  120  18:54  Supply Depot  
  120  18:55  Supply Depot  
  120  18:56  Supply Depot  
  120  18:57  Supply Depot  
  120  19:01  Orbital Command  
  120  19:03  Refinery  
  120  19:08  Refinery  
  120  19:21  Factory Tech Lab  
  120  19:35  Orbital Command  
  120  19:36  Thor x5  
  120  19:39  Supply Depot  
  120  19:41  Supply Depot  
  120  19:42  Refinery, Supply Depot  
  120  19:43  Supply Depot  
  120  19:44  SCV x3  
  123  19:45  Thor, Siege Tank  
  123  19:47  Terran Infantry Weapons Level 1  
  123  19:49  Refinery  
  132  19:56  Factory x2  
  132  20:38  Thor, Siege Tank  
  132  20:41  Command Center  
  138  21:00  Factory Tech Lab x2  
  138  21:05  Factory x2  
Tags
 
Add a new tag
Caveats
  • Supply blocks, unpowered buildings, or Contaminate may cause inaccurate times.
  • Supply counts are checked every 10 seconds.